 Dungeon Crawl Stone Soup version 0.20-a0-309-gcba9277 (webtiles) character file.

235 Junicave the Digger (level 6, -1/32 HPs)
             Began as a Gargoyle Earth Elementalist on Dec 19, 2016.
             Slain by a scorpion (4 damage)
             ... on level 4 of the Dungeon.
             The game lasted 00:12:19 (4150 turns).

Junicave the Digger (Gargoyle Earth Elementalist)   Turns: 4150, Time: 00:12:19

Health: -1/32      AC:  8    Str: 11    XL:     6   Next: 6%
Magic:  0/11       EV: 11    Int: 18    God:
Gold:   136        SH:  3    Dex: 10    Spells: 7/11 levels left

rFire  . . .     SeeInvis .     h - +0 mace
rCold  . . .     Gourm    .     l - +0 leather armour
rNeg   + + .     Faith    .     s - +0 buckler
rPois  ∞         Spirit   .     x - +0 helmet
rElec  +         Reflect  .     (no cloak)
rCorr  .         Harm     .     (no gloves)
MR     .....                    (no boots)
Stlth  ++........               (no amulet)
                                (no ring)
                                y - ring of positive energy

@: no status effects
A: negative energy resistance 1, electricity resistance, unbreathing,
petrification resistance, rot immunity, AC +4
a: no special abilities


You were on level 4 of the Dungeon.
You were not hungry.

You visited 1 branch of the dungeon, and saw 4 of its levels.

You collected 136 gold pieces.

Inventory:

Hand Weapons
 h - a +0 mace (weapon)
 k - a +2 dagger of venom
Missiles
 b - 111 stones (quivered)
Armour
 c - a +0 robe
 l - a +0 leather armour (worn)
 s - a +0 buckler (worn)
 x - a +0 helmet (worn)
Jewellery
 y - a ring of positive energy (left hand)
Scrolls
 f - 5 scrolls of identify {unknown}
 g - 4 scrolls of enchant armour {unknown}
 i - 2 scrolls of noise {unknown}
 n - a scroll of teleportation {unknown}
 p - 2 scrolls of enchant weapon {unknown}
 t - 2 scrolls of amnesia {unknown}
 u - 2 scrolls of recharging {unknown}
 v - 2 scrolls of random uselessness {unknown}
Potions
 a - a potion of haste {unknown}
 j - 3 potions of curing {unknown}
Books
 e - a book of Geomancy

   Spells                             Type                      Level
   a - Sandblast                      Earth                        1
   b - Passwall                       Transmutation/Earth          2
   c - Stone Arrow                    Conjuration/Earth            3
   d - Petrify                        Transmutation/Earth          4
   e - Lee's Rapid Deconstruction     Earth                        5
Comestibles
 d - 4 bread rations
 m - 2 slices of pizza
 o - 5 meat rations
 q - a royal jelly
 r - 3 fruits
 w - 3 chunks of flesh


   Skills:
 + Level 1.5 Maces & Flails
 * Level 1.4 Armour
 - Level 1.5 Dodging
 - Level 2.1 Stealth
 + Level 1.0 Shields
 + Level 3.3 Spellcasting
 + Level 2.2 Conjurations
   Level 0.7 Transmutations
 + Level 5.2 Earth Magic


You had 7 spell levels left.
You knew the following spells:

 Your Spells              Type           Power        Failure   Level  Hunger
a - Sandblast             Erth           ###...       3%          1    None
b - Stone Arrow           Conj/Erth      ###...       21%         3    ###....


Dungeon Overview and Level Annotations

Branches:
Dungeon (4/15)
 Temple: D:4-7

Altars:
Nemelex Xobeh
Okawaru

Annotations:
D:3 Sigmund


Innate Abilities, Weirdness & Mutations

You are resistant to torment.
Your stone body is resilient. (AC +4)
You are immune to poison.
You resist negative energy. (rN+)
You are resistant to electric shocks. (rElec)
You can survive without breathing.
You are immune to petrification.
You are immune to rotting.


Message History

The scorpion stings you.
* * * LOW HITPOINT WARNING * * *
You barely miss the scorpion.
The scorpion is almost dead.
The scorpion misses you. x2
Casting: Sandblast
Confirm with . or Enter, or press ? or * to list all spells.
Aiming: Sandblast
Press: ? - help, Shift-Dir - straight line, f/p - scorpion
Aim: a scorpion (almost dead)
The blast of sand hits the scorpion.
The scorpion is almost dead.
The scorpion barely misses you.
Casting: Sandblast
Confirm with . or Enter, or press ? or * to list all spells.
You don't have enough magic to cast that spell.
You hit the scorpion.
The scorpion is almost dead.
The scorpion stings you.
You die...

+# .# .#####
#.#... ##....#
#######.....#
#.......s...##.
##.#####@#.#....
...............
#.#####.#.#####
.####.#####.#.#
............#.#
#..P....####.#
#######.# #.#
#.# #.#
######### #.#
#.# #.......#


You could see a scorpion.

Vanquished Creatures
  A phantom (D:3)
  A worker ant (D:3)
  3 adders (D:2)
  An ooze (D:2)
  4 worms
  2 dart slugs (D:1)
  2 leopard geckos
  4 orcs (D:3)
  6 giant cockroaches
  5 goblins
  9 hobgoblins
  2 jackals (D:2)
  8 kobolds
  5 quokkas
  8 bats
  4 frilled lizards
  8 rats
73 creatures vanquished.

Notes
Turn   | Place    | Note
-------+----------+-------------------------------------------
     0 | D:1      | Junicave the Gargoyle Earth Elementalist began the quest for the Orb.
     0 | D:1      | Reached XP level 1. HP: 10/10 MP: 3/3
   519 | D:1      | Reached XP level 2. HP: 15/15 MP: 5/5
   624 | D:1      | Reached skill level 4 in Earth Magic
  1129 | D:1      | Reached XP level 3. HP: 18/19 MP: 7/7
  1134 | D:1      | Learned a level 3 spell: Stone Arrow
  1820 | D:2      | Reached skill level 1 in Conjurations
  1820 | D:2      | Reached XP level 4. HP: 21/24 MP: 6/8
  2477 | D:2      | Found a sparkling altar of Nemelex Xobeh.
  3098 | D:3      | Found an iron altar of Okawaru.
  3160 | D:3      | Reached skill level 1 in Maces & Flails
  3160 | D:3      | Reached skill level 5 in Earth Magic
  3160 | D:3      | Reached XP level 5. HP: 19/28 MP: 1/9
  3358 | D:3      | Noticed a phantom
  3405 | D:3      | Killed a phantom
  3405 | D:3      | Reached skill level 1 in Armour
  3405 | D:3      | Reached skill level 1 in Shields
  3405 | D:3      | Reached XP level 6. HP: 21/32 MP: 7/11
  3615 | D:3      | Noticed Sigmund
  3827 | D:3      | Found an iron altar of Okawaru.
  4150 | D:4      | Slain by a scorpion

Vault maps used:
D:1:      sevenhm_arrival_forest_fort_large_2
D:2:      first_bread, nemelex_diamond_rough_becter
D:3:      lemuel_round_altar, minmay_overflow_temple_star_quad, uniq_sigmund
D:4:      corexii_shack_village, lemuel_round_altar, minmay_misc_feat_hallway

Skill      XL: |  1  2  3  4  5 |
---------------+----------------+-----
Earth Magic    | 4 5 |  5.2
Spellcasting   | 3 |  3.3
Conjurations   | 1 2 |  2.2
Maces & Flails | 1 |  1.5
Armour         | 1 |  1.4
Shields        | 1 |  1.0
Dodging        | |  1.5
Stealth        | |  2.1
Transmutations | |  0.7

Action                   |  1- 3 |  4- 6 || total
-------------------------+-------+-------++-------
Melee: Mace              |    95 |   129 ||   224
       Unarmed           |     9 |       ||     9
 Cast: Sandblast         |    30 |    63 ||    93
 Stab: Sleeping          |     5 |     3 ||     8
  Eat: Chunk             |     3 |     8 ||    11
Armor: Robe              |     9 |       ||     9
       Leather armour    |    50 |    61 ||   111
Dodge: Dodged            |    91 |    93 ||   184
Block: Buckler           |       |    15 ||    15
